 Dungeon Crawl Stone Soup version 0.31-a0-460-g9e667d4245 (webtiles) character file.

Game seed: 5869218413140338666

299 MisterAzrael the Changeling (level 6, -2/38 HPs)
             Began as an Octopode Shapeshifter on Aug 4, 2023.
             Slain by a jelly (3 damage)
             ... on level 4 of the Dungeon.
             The game lasted 00:02:52 (2991 turns).

MisterAzrael the Changeling (Octopode Shapeshifter) Turns: 2991, Time: 00:02:53

Health: -2/38      AC: -19   Str: 16    XL:     6   Next: 36%
Magic:  6/6        EV: 12    Int: 11    God:
Gold:   254        SH:  3    Dex: 12    Spells: 5/5 levels left

rFire   . .          .
                       - Unarmed
rCold   . . .        g - +0 buckler
rNeg    . . .        (helmet currently unavailable)
rPois   .            (no amulet)
rElec   .            e - ring of willpower
rCorr   .            (no ring)
SInv    .            (no ring)
Will    +....        (no ring)
Stlth   ++           (no ring)
HPRegen 0.26/turn    (no ring)
MPRegen 0.10/turn    (no ring)
                     (no ring)

%: no passive effects
@: beast-form, corroded
A: beast (slay +3), almost no armour, amphibious, 8 rings, camouflage 1,
gelatinous body 1, (nimble swimmer 1), tentacles
a: Begin Untransformation


You were on level 4 of the Dungeon.
You were a hulking beast.
You visited 1 branch of the dungeon, and saw 4 of its levels.

You collected 254 gold pieces.

Inventory:

Armour
 g - a +0 buckler (worn)
Jewellery
 e - a ring of willpower (left tentacle)
 j - an amulet of magic regeneration
Talismans
 b - a beast talisman (active)
Wands
 q - a wand of flame (15)
Scrolls
 c - 2 scrolls of identify {unknown}
 d - a scroll of blinking {unknown}
 f - 2 scrolls of vulnerability {unknown}
 h - a scroll of enchant armour {unknown}
 k - a scroll of noise {unknown}
 l - 2 scrolls of fog {unknown}
 m - a scroll of immolation {unknown}
 o - a scroll of brand weapon {unknown}
 p - a scroll of poison {unknown}
Potions
 a - 4 potions of lignification
 i - a potion of enlightenment {unknown}
 n - a potion of invisibility {unknown}
 r - a potion of ambrosia {unknown}


   Skills:
 - Level 1.0 Fighting
 - Level 2.0 Dodging
 + Level 4.7 Unarmed Combat
 * Level 5.1 Shapeshifting


You had 5 spell levels left.
You didn't know any spells.
Your spell library contained the following spells:

 Spells                   Type           Power      Damage    Failure   Level
 Necrotise                Necr           0%         1d4       43%         1
 Slow                     Hex            0%         N/A       43%         1
 Confusing Touch          Hex            0%         N/A       80%         3
 Vampiric Draining        Necr           0%         2d6       80%         3
 Agony                    Necr           0%         N/A       100%        5


Dungeon Overview and Level Annotations

Branches:
Dungeon (4/15)
 Temple: D:4-7

Altars:
Kikubaaqudgha
Ru
Uskayaw
Vehumet
Xom
The Shining One

Annotations:
D:4 1 runed translucent door, knightboat's ghost, amateur AtFi


Innate Abilities, Weirdness & Mutations

You are a hulking beast.
Your limbs bulge with bestial killing power. (Slay +3)
You cannot wear most types of armour.
You are amphibious.
You can wear up to eight rings at the same time.
Your skin changes colour to match your surroundings (Stealth+).
Your rubbery body absorbs attacks. (AC +1, EV +1)
((You are camouflaged when in or above water. (Stealth+)))
You have tentacles for arms and can constrict up to eight enemies at once.


Message History

You tentacle-slap the orc. Your grab misses the orc.
The orc is severely wounded.
The orc barely misses you.
You bludgeon the orc!
You kill the orc!
You completely miss the orc. Your grab misses the orc.
You tentacle-slap the orc.
The orc is heavily wounded.
The orc hits you with a +0 whip.
You tentacle-slap the orc. You grab the orc.
The orc is severely wounded.
You constrict the orc. The orc closely misses you.
An orc is nearby!
You tentacle-slap the orc but do no damage.
The orc is almost dead.
You constrict the orc.
You kill the orc!
No target in view!
You now have 254 gold pieces (gained 3).
A jelly comes into view.
Found a mace.
A jelly is nearby!
The helpless jelly fails to defend itself.
You tentacle-slap the jelly. The acid corrodes you!
Your tentacles burn!
The jelly is moderately wounded.
The jelly hits you. The acid corrodes you!
You are splashed with acid!
You tentacle-slap the jelly but do no damage.
The acid corrodes you!
Your tentacles burn!
The jelly is moderately wounded.
You block the jelly's attack.
You tentacle-slap the jelly. The acid corrodes you!
Your tentacles burn!
The jelly is heavily wounded.
The jelly hits you.
You are splashed with acid!
* * * LOW HITPOINT WARNING * * *
You tentacle-slap the jelly. The acid corrodes you!
Your tentacles burn!
* * * LOW HITPOINT WARNING * * *
You squeeze the jelly, but do no damage.
The jelly is severely wounded.
The jelly hits you.
You die...

### #.# #. #.. #.#
#)# #.# #.#
###.###########.#
#............##J#
#............##h#
#............##.##
#................#
###.#.......###..#
####.#.####### #..#
..)......... ...#
.###.#.##########.#
#.#.#..........#
#.#.#.##########


You could see a jelly.

Vanquished Creatures
  An ogre (D:4)
  A hound (D:4)
  An iguana (D:4)
  A sleepcap (D:4)
  4 adders
  A white imp (D:4)
  2 worms (D:4)
  A dart slug (D:3)
  8 orcs
  4 endoplasms
  6 giant cockroaches
  9 goblins
  7 hobgoblins
  7 jackals
  A quokka (D:1)
  6 ball pythons
  3 bats
  12 frilled lizards
  2 kobolds (D:4)
  6 rats
83 creatures vanquished.

Notes
Turn   | Place    | Note
-------+----------+-------------------------------------------
     0 | D:1      | MisterAzrael the Octopode Shapeshifter began the quest for
                  | the Orb.
     0 | D:1      | Reached XP level 1. HP: 13/13 MP: 1/1
   422 | D:1      | Reached XP level 2. HP: 18/18 MP: 2/2
   472 | D:1      | Found a faded altar of an unknown god.
   964 | D:2      | Reached XP level 3. HP: 18/23 MP: 3/3
  1478 | D:3      | Found a hide-covered altar of Uskayaw.
  1502 | D:3      | Reached XP level 4. HP: 28/28 MP: 4/4
  1690 | D:3      | Reached skill level 4 in Shapeshifting
  2310 | D:4      | Found a stormy altar of Qazlal.
  2312 | D:4      | Found a glowing golden altar of the Shining One.
  2312 | D:4      | Found a shimmering altar of Xom.
  2314 | D:4      | Found a shimmering altar of Xom.
  2314 | D:4      | Found an ancient bone altar of Kikubaaqudgha.
  2314 | D:4      | Found a hide-covered altar of Uskayaw.
  2347 | D:4      | Noticed an ogre
  2356 | D:4      | Killed an ogre
  2357 | D:4      | Reached XP level 5. HP: 33/33 MP: 5/5
  2463 | D:4      | Found a radiant altar of Vehumet.
  2697 | D:4      | Reached XP level 6. HP: 33/38 MP: 6/6
  2761 | D:4      | Found a sacrificial altar of Ru.
  2776 | D:4      | Reached skill level 5 in Shapeshifting
  2887 | D:4      | Found a runed translucent door.
  2889 | D:4      | Noticed knightboat's ghost (amateur AtFi)
  2991 | D:4      | HP: 1/38 [acid (5)]
  2991 | D:4      | Slain by a jelly

Illustrated notes

Levels and vault maps discovered:
D:1:      minmay_arrival_solitary_statue, layout_loops_corners,
          hellmonk_ecumenical_altar_leap_of_faith, minmay_strange_pillars
D:2:      layout_rooms
D:3:      layout_loops_ring, mainiacjoe_overflow_six_doors_small
D:4:      layout_basic, doesnt_xom_only_xom, nicolae_ru_sacrificial_ziggurat,
          vehumet_altar_wand_db, ebering_ghost_sewer_f, nrook_mini_backslash,
          minmay_lizard_king, uniq_edmund

Skill      XL: |  1  2  3  4  5  6 |
---------------+-------------------+-----
Shapeshifting  | 4 5 |  5.1
Unarmed Combat | 4 |  4.7
Fighting       | |  1.0
Dodging        | |  2.0

Action                     |  1- 3 |  4- 6 || total
---------------------------+-------+-------++-------
  Melee: Unarmed           |    58 |    87 ||   145
         Constrict         |    13 |    23 ||    36
         Tentacles         |     8 |    18 ||    26
         Punch             |     4 |     6 ||    10
    Use: Potion            |       |     1 ||     1
   Stab: Sleeping          |    10 |     6 ||    16
 Armour: Skin              |     6 |    10 ||    16
  Dodge: Dodged            |    37 |    25 ||    62
  Block: Buckler           |     9 |     6 ||    15

Table legend: (Time is in decaauts)
 A = Elapsed time spent in this place.
 B = Non-inter-level travel time spent in this place.
 C = Inter-level travel time spent in this place.
 D = Time resting spent in this place.
 E = Time spent auto-exploring this place.
 F = Levels seen in this place.
 G = Mean time per level.
                   A        B        C        D        E       F      G
               +--------+--------+--------+--------+--------+-----+--------+
         Total |   2985 |   2931 |     54 |    201 |   2268 |   4 |  746.2 |
       Dungeon |   2985 |   2931 |     54 |    201 |   2268 |   4 |  746.2 |
               +--------+--------+--------+--------+--------+-----+--------+

Top non-repeatable levels by time:
     D:4: 874 daAuts
     D:1: 841 daAuts
     D:3: 775 daAuts
     D:2: 494 daAuts
